 Dungeon Crawl Stone Soup version 0.26-a0-663-g36e8fdb655 (webtiles) character file.

Game seed: 4390539461443190766

37405 Birvald the Geomancer (level 13, -6/71 HPs)
             Began as a Gargoyle Earth Elementalist on Oct 10, 2020.
             Was a High Priest of Vehumet.
             Mangled by a boulder beetle (23 damage)
             ... on level 2 of the Lair of Beasts.
             The game lasted 00:44:54 (17739 turns).

Birvald the Geomancer (GrEE)                       Turns: 17739, Time: 00:44:55

Health: -6/71      AC: 19    Str: 15    XL:     13   Next: 96%
Magic:  26/26      EV: 15    Int: 29    God:    Vehumet [*****.]
Gold:   1090       SH:  0    Dex: 12    Spells: 11/30 levels left

rFire    . . .     SeeInvis .   r - +6 whip (elec)
rCold    + . .     Faith    .   (no shield)
rNeg     + . .     Spirit   .   Q - +1 robe of the Accordion {Str+2 Int+4}
rPois    ∞         Reflect  .   (helmet restricted)
rElec    +         Harm     .   o - +2 cloak
rCorr    .         Rampage  .   Y - +2 pair of gloves
MR       .....                  (no boots)
Stlth    ++........             V - amulet of regeneration
HPRegen  0.61/turn              T - +4 ring of protection
MPRegen  0.20/turn              q - ring "Mearoubu" {rC+ Int+5 Slay+4}

@: corroded, studying Translocations
A: horns 1, agile 1, frail 1, negative energy resistance 1, electricity
resistance, unbreathing, evolution 1, petrification resistance, rot immunity, AC
+9
a: Renounce Religion


You were on level 2 of the Lair of Beasts.
You worshipped Vehumet.
Vehumet was extremely pleased with you.
You visited 3 branches of the dungeon, and saw 17 of its levels.
You also visited: Volcano.

You collected 1294 gold pieces.
You spent 204 gold pieces at shops.

Inventory:

Hand Weapons
 e - a +1 dagger of venom
 n - a +1 vorpal morningstar
 r - a +6 whip of electrocution (weapon)
 P - the +1 flail "Sahaize" {protect, rElec Str-2 Dex+3 Stlth+}
   (You bought it in a shop on level 11 of the Dungeon)

   It grants its wielder temporary protection when it strikes (+7 to AC).
   It affects your strength (-2).
   It affects your dexterity (+3).
   It insulates you from electricity.
   It makes you more stealthy.
Missiles
 b - 279 stones (quivered)
 k - a throwing net
Armour
 o - a +2 cloak (worn)
 x - a +1 helmet
 y - the +2 robe of Divine Beauty {rPois rCorr Stlth-}
   (You found it on level 8 of the Dungeon)

   It protects you from poison.
   It provides partial protection from all sources of acid and corrosion.
   It makes you less stealthy.
 Q - the +1 robe of the Accordion (worn) {Str+2 Int+4}
   (You found it on level 12 of the Dungeon)

   It affects your strength (+2).
   It affects your intelligence (+4).
 Y - a +2 pair of gloves (worn)
Magical Staves
 c - an uncursed staff of cold
Jewellery
 a - a +4 ring of protection
 f - an uncursed amulet of magic regeneration
 q - the ring "Mearoubu" (right hand) {rC+ Int+5 Slay+4}
   (You took it off a gnoll shaman on level 8 of the Dungeon)

   [ring of slaying]

   It affects your intelligence (+5).
   It affects your accuracy and damage with ranged weapons and melee attacks
   (+4).
   It protects you from cold.
 M - an uncursed ring of see invisible
 T - a +4 ring of protection (left hand)
 V - an amulet of regeneration (around neck)
 X - an uncursed ring of ice
Wands
 j - a wand of random effects (43)
 m - a wand of digging (8)
 t - a wand of polymorph (11)
 G - a wand of paralysis (7)
 H - a wand of flame (17)
 J - a wand of iceblast (15)
 K - a wand of disintegration (20)
 R - a wand of enslavement (11)
 S - a wand of acid (8)
Scrolls
 d - 3 scrolls of teleportation
 w - 6 scrolls of remove curse
 B - a scroll of magic mapping
 N - 2 scrolls of fog
 U - a scroll of immolation
 W - 3 scrolls of identify
Potions
 g - 5 potions of curing
 h - 3 potions of magic
 i - a potion of resistance
 l - a potion of might
 s - 2 potions of berserk rage
 u - 2 potions of stabbing
 v - 5 potions of haste
 z - 2 potions of mutation
 A - a potion of cancellation
 D - 3 potions of brilliance
 E - a potion of ambrosia
 L - 4 potions of lignification
Books
 F - a manual of Translocations


   Skills:
 + Level 8.3 Fighting
 + Level 7.6 Maces & Flails
 - Level 6.0 Armour
 + Level 6.9 Dodging
 - Level 2.1 Stealth
 + Level 9.0 Spellcasting
 + Level 10.1 Conjurations
 - Level 0.7 Transmutations
 * Level 7.1 Fire Magic
 + Level 11.7 Earth Magic
 - Level 6.0 Evocations


You had 11 spell levels left.
You knew the following spells:

 Your Spells              Type           Power        Failure   Level
a - Sandblast             Erth           ######       1%          1
b - Stone Arrow           Conj/Erth      ######       1%          3
c - Lee's Rapid Deconstr  Erth           ######....   1%          5
d - Bolt of Magma         Conj/Fire/Erth ######....   1%          5
e - Irradiate             Conj/Tmut      #####.....   3%          5

Your spell library contained the following spells:

 Spells                   Type           Power        Failure   Level
 Magic Dart               Conj           ####         1%          1
 Passwall                 Tmut/Erth      #####...     1%          2
 Searing Ray              Conj           ######       1%          2
 Dazzling Flash           Conj/Hex       #####.       1%          3
 Inner Flame              Hex/Fire       ####....     1%          3
 Fulminant Prism          Conj/Hex       #####.....   1%          4
 Iskenderun's Mystic Bla  Conj/Tloc      #####...     1%          4
 Leda's Liquefaction      Hex/Erth       #####.....   3%          4
 Petrify                  Tmut/Erth      #####...     3%          4
 Corona                   Hex            ##.....      4%          1
 Ensorcelled Hibernation  Hex/Ice        ##....       6%          2
 Slow                     Hex            ##......     6%          2
 Confusing Touch          Hex            ##......     12%         3
 Gell's Gravitas          Tloc           ##........   12%         3
 Portal Projectile        Hex/Tloc       ##....       12%         3
 Tukima's Dance           Hex            ##......     12%         3
 Yara's Violent Unravell  Hex/Tmut       ###.......   24%         5
 Cause Fear               Hex            ##........   38%         4
 Metabolic Englaciation   Hex/Ice        ##........   75%         5


Dungeon Overview and Level Annotations

Branches:
Dungeon (14/15)            Temple (1/1) D:7            Lair (2/6) D:8
    Orc (0/2) D:10         Vaults (0/5) D:13        Volcano (visited)
  Swamp: Lair:2-4    Shoals: Lair:2-4     Snake: Lair:2-4    Spider: Lair:2-4

Altars:
Ashenzari
Cheibriados
Dithmenos
Elyvilon
Fedhas
Gozag
Hepliaklqana
Kikubaaqudgha
Makhleb
Nemelex Xobeh
Okawaru
Qazlal
Ru
Sif Muna
Trog
Uskayaw
Vehumet
Wu Jian
Xom
Yredelemnul
Zin
The Shining One

Shops:
D:11 (

Annotations:
D:4 exclusion: oklob plant
D:7 3 runed translucent doors, ikjuyhgtrf's ghost, novice DDFi


Innate Abilities, Weirdness & Mutations

You are resistant to torment.
Your stone body is resilient. (AC +9)
You are immune to poison.
You resist negative energy. (rN+)
You are resistant to electric shocks. (rElec)
You can survive without breathing.
You are immune to petrification.
You are immune to rotting.
You have a pair of small horns on your head.
You are agile. (Dex +2)
You are frail. (-10% HP)
You evolve.


Message History

Found a leatherbound book.
Found 26 arrows.
You start resting.
Your magical contamination has completely faded away.
You start resting.
A boulder beetle is nearby!
As you read the scroll of teleportation, it crumbles to dust.
You feel strangely unstable.
The spriggan zaps a wand.
The bolt of acid hits you! The acid corrodes you!
You are splashed with acid!
* * * LOW HITPOINT WARNING * * *
Found 16 gold pieces.
As you read the scroll of fear, it crumbles to dust.
You assume a fearsome visage.
The spriggan looks frightened!
Your surroundings suddenly seem different.
Unknown command.
Something hits the plant.
The plant begins to die.
The boulder beetle curls into a ball and begins rolling!
The boulder beetle hits you!!
You die...

.........♣.....°.......
####......♣....°........
#P..........°........
#...........°[......
#.........#.°....P##
####P......###.○....##
........P♣♣.#P..○...#
†........♣......B...#
........♣P..#...@...#
......P.....##.......#
..P.....P....#..........
....♣♣♣......#.......###
....♣...#####.......###
.......#.#P#.#......P.#
..§....................
.......................
.......................


You could see a boulder beetle.

Vanquished Creatures
  3 vault guards
  2 hydras (Lair:2)
  A catoblepas (D:14)
  5 centaur warriors
  3 two-headed ogres
  A hell knight (Volcano)
  The ghost of rayg00n the Caller, a novice DsSu of Yredelemnul (D:8)
  3 skeletal warriors (D:13)
  Pikel (D:7)
  An ugly thing (D:13)
  A manticore (D:13)
  6 slime creatures
  A cyclops (shapeshifter) (D:13)
  2 cyclopes
  A wolf spider (D:14)
  Joseph (D:9)
  Maurice (D:9)
  4 centaur zombies
  A black mamba (Lair:1)
  2 yaktaurs (Volcano)
  A komodo dragon (shapeshifter) (D:13)
  7 komodo dragons
  2 trolls
  A wraith (D:10)
  A shadow (D:14)
  17 yaks
  5 wyverns
  Grum (D:9)
  A vampire (D:12)
  8 humans (D:13)
  7 fire bats (Volcano)
  Eustachio (D:4)
  A steam dragon (D:14)
  3 vampire mosquitoes (D:14)
  9 water moccasins
  Purgy (D:3)
  2 orc warriors
  4 black bears
  3 phantoms
  A hornet zombie (D:10)
  3 ice beasts
  2 sky beasts
  9 ogres
  4 wolves (D:9)
  A necrophage (D:9)
  17 centaurs
  A big kobold (D:8)
  20 bullfrogs
  4 gnoll sergeants (D:8)
  A water moccasin zombie (D:6)
  6 scorpions
  9 killer bees
  15 wights
  6 lava snakes (Volcano)
  5 hounds
  2 jellies
  4 bullfrog skeletons
  A gnoll shaman (D:8)
  5 centaur skeletons
  3 orc priests
  3 orc wizards
  4 iguanas
  17 worker ants
  2 hound skeletons
  A howler monkey zombie (D:8)
  3 worker ant zombies
  Robin (D:3)
  11 gnolls
  12 adders
  A shadow imp (D:8)
  3 ufetubi
  2 oozes
  An adder zombie (D:8)
  2 adder skeletons
  5 worms
  2 dart slugs
  8 leopard geckos
  40 orcs
  13 bats
  5 giant cockroaches
  7 hobgoblins
  6 jackals
  14 kobolds
  2 quokkas
  6 frilled lizards
  A giant cockroach zombie (D:6)
  15 goblins
  A leopard gecko zombie (D:8)
  8 rats
431 creatures vanquished.

Vanquished Creatures (others)
  A human (D:13)
  An orc wizard (D:10)
  An orc (D:10)
  45 plants
48 creatures vanquished.

Grand Total: 479 creatures vanquished

Notes
Turn   | Place    | Note
-------+----------+-------------------------------------------
     0 | D:1      | Birvald the Gargoyle Earth Elementalist began the quest for
                  | the Orb.
     0 | D:1      | Reached XP level 1. HP: 10/10 MP: 3/3
   376 | D:1      | Reached skill level 4 in Earth Magic
   376 | D:1      | Reached XP level 2. HP: 15/15 MP: 3/5
   679 | D:1      | Reached XP level 3. HP: 19/19 MP: 7/7
   684 | D:1      | Learned a level 3 spell: Stone Arrow
  1145 | D:2      | Reached skill level 1 in Conjurations
  1214 | D:2      | Found a sacrificial altar of Ru.
  1258 | D:2      | Reached XP level 4. HP: 24/24 MP: 6/8
  1920 | D:3      | Noticed Robin
  1929 | D:3      | Killed Robin
  1929 | D:3      | Reached skill level 5 in Earth Magic
  1936 | D:3      | Reached XP level 5. HP: 25/28 MP: 9/9
  2194 | D:3      | Found a burning altar of Makhleb.
  2323 | D:3      | Noticed Purgy
  2340 | D:3      | Killed Purgy
  2340 | D:3      | Reached XP level 6. HP: 29/32 MP: 4/11
  2667 | D:3      | Learned a level 5 spell: Lee's Rapid Deconstruction
  2668 | D:3      | Gained mutation: You have large cloven feet. [potion of
                  | mutation]
  2668 | D:3      | Gained mutation: You have hoof-like feet. [potion of
                  | mutation]
  2668 | D:3      | Gained mutation: Scrolls take you a little longer to read.
                  | [potion of mutation]
  2668 | D:3      | Gained mutation: You are robust. (+10% HP) [potion of
                  | mutation]
  2669 | D:3      | Lost mutation: Scrolls take you a little longer to read.
                  | [potion of mutation]
  2669 | D:3      | Lost mutation: You are robust. (+10% HP) [potion of
                  | mutation]
  2669 | D:3      | Lost mutation: You have hoof-like feet. [potion of
                  | mutation]
  2669 | D:3      | Lost mutation: You have large cloven feet. [potion of
                  | mutation]
  2669 | D:3      | Gained mutation: Your magical capacity is low. (-10% MP)
                  | [potion of mutation]
  2669 | D:3      | Gained mutation: You are agile. (Dex +2) [potion of
                  | mutation]
  2727 | D:4      | Noticed Eustachio
  2792 | D:4      | Killed Eustachio
  2792 | D:4      | Reached skill level 6 in Earth Magic
  2792 | D:4      | Reached XP level 7. HP: 24/36 MP: 10/12
  3371 | D:4      | Found a blossoming altar of Fedhas.
  3393 | D:4      | Noticed an oklob plant
  3602 | D:5      | Entered Level 5 of the Dungeon
  3726 | D:5      | Reached skill level 5 in Spellcasting
  3726 | D:5      | Reached skill level 7 in Earth Magic
  3741 | D:5      | Reached skill level 5 in Conjurations
  3741 | D:5      | Reached XP level 8. HP: 37/41 MP: 2/14
  4357 | D:6      | Reached skill level 1 in Maces & Flails
  4363 | D:6      | Reached skill level 1 in Armour
  4419 | D:6      | Reached skill level 1 in Fighting
  4423 | D:6      | Reached skill level 1 in Evocations
  4639 | D:6      | Reached skill level 8 in Earth Magic
  4646 | D:6      | Reached XP level 9. HP: 37/48 MP: 12/15
  4834 | D:6      | Lost mutation: Your magical capacity is low. (-10% MP)
                  | [potion of mutation]
  4834 | D:6      | Lost mutation: You are agile. (Dex +2) [potion of mutation]
  4834 | D:6      | Gained mutation: Your magical capacity is low. (-10% MP)
                  | [potion of mutation]
  4834 | D:6      | Gained mutation: You evolve. [potion of mutation]
  4834 | D:6      | Gained mutation: You are agile. (Dex +2) [potion of
                  | mutation]
  4886 | D:6      | Got a pair of dazzling gloves
  4897 | D:6      | Identified the +1 pair of gloves "Kyepn" {Harm Str+3} (You
                  | found it on level 6 of the Dungeon)
  5559 | D:7      | Found a runed translucent gate.
  5559 | D:7      | Found a runed translucent gate.
  5560 | D:7      | Found a runed translucent gate.
  5568 | D:7      | Noticed Pikel
  5601 | D:7      | Killed Pikel
  5818 | D:7      | Found a staircase to the Ecumenical Temple.
  5825 | Temple   | Entered the Ecumenical Temple
  5929 | Temple   | Became a worshipper of Vehumet
  6068 | D:7      | Gained mutation: You are frail. (-10% HP) [evolution]
  6597 | D:7      | Noticed ikjuyhgtrf's ghost (novice DDFi)
  6619 | D:8      | Found a staircase to the Lair.
  6721 | D:8      | Reached XP level 10. HP: 43/50 MP: 17/17
  7008 | D:8      | Reached skill level 9 in Earth Magic
  7012 | D:8      | Reached * piety under Vehumet
  7012 | D:8      | Offered knowledge of Shock by Vehumet.
  7363 | D:8      | Got a fine robe
  7374 | D:8      | Identified the +2 robe of Divine Beauty {rPois rCorr
                  | Stlth-} (You found it on level 8 of the Dungeon)
  7912 | D:8      | Found a transporter.
  7967 | D:8      | Found a transporter.
  8239 | D:8      | Identified the ring "Mearoubu" {rC+ Int+5 Slay+4}
  8288 | D:8      | Noticed rayg00n's ghost (novice DsSu)
  8304 | D:8      | Killed rayg00n's ghost
  8502 | D:9      | Reached ** piety under Vehumet
  8502 | D:9      | Offered knowledge of Foxfire by Vehumet.
  8537 | D:9      | Noticed a centaur warrior
  8812 | D:9      | Killed a centaur warrior
  8812 | D:9      | Reached skill level 5 in Fighting
  8812 | D:9      | Reached skill level 5 in Armour
  8812 | D:9      | Reached XP level 11. HP: 32/56 MP: 19/19
  9059 | D:9      | Noticed Grum
  9076 | D:9      | Killed Grum
  9087 | D:9      | Noticed Joseph
  9090 | D:10     | Entered Level 10 of the Dungeon
  9546 | D:10     | Reached skill level 5 in Maces & Flails
  9587 | D:10     | Offered knowledge of Static Discharge by Vehumet.
  9690 | D:10     | Reached *** piety under Vehumet
  9777 | D:10     | Found a staircase to the Orcish Mines.
 10246 | D:9      | Offered knowledge of Frozen Ramparts by Vehumet.
 10246 | D:9      | Reached skill level 10 in Earth Magic
 10350 | D:9      | Killed Joseph
 10546 | D:9      | Noticed Maurice
 10560 | D:9      | Killed Maurice
 10560 | D:9      | Reached skill level 5 in Dodging
 10684 | D:9      | Noticed a two-headed ogre
 10689 | D:9      | Killed a two-headed ogre
 10996 | D:11     | Reached skill level 5 in Evocations
 11098 | D:11     | Gained mutation: You have a pair of small horns on your
                  | head. [evolution]
 11125 | D:11     | Reached **** piety under Vehumet
 11235 | D:11     | Offered knowledge of Bolt of Magma by Vehumet.
 11235 | D:11     | Reached XP level 12. HP: 63/63 MP: 21/21
 11249 | D:11     | Learned a level 5 spell: Bolt of Magma
 11264 | D:11     | Found a broken altar of Ashenzari.
 11704 | D:11     | Noticed a two-headed ogre
 11710 | D:11     | Killed a two-headed ogre
 11710 | D:11     | Reached skill level 1 in Fire Magic
 12266 | D:11     | Found Oxtehut's Antique Weapon Boutique.
 12276 | D:11     | Bought a twisted flail for 204 gold pieces
 12276 | D:11     | Identified the cursed +1 flail "Sahaize" {protect, rElec
                  | Str-2 Dex+3 Stlth+} (You bought it in a shop on level 11 of
                  | the Dungeon)
 12622 | D:12     | Found a hazy altar of Hepliaklqana.
 12725 | D:12     | Got an opalescent robe
 12736 | D:12     | Identified the +1 robe of the Accordion {Str+2 Int+4} (You
                  | found it on level 12 of the Dungeon)
 12930 | D:12     | Noticed a two-headed ogre
 12950 | D:12     | Killed a two-headed ogre
 13265 | D:13     | Found an ornate altar of the Wu Jian Council.
 13298 | D:13     | Noticed a vault guard
 13298 | D:13     | Noticed a vault guard
 13360 | D:13     | Killed a vault guard
 13363 | D:13     | Killed a vault guard
 13523 | D:13     | Reached ***** piety under Vehumet
 13546 | D:13     | Offered knowledge of Irradiate by Vehumet.
 13546 | D:13     | Reached skill level 11 in Earth Magic
 13566 | D:13     | HP: 1/64 [skeletal warrior/+0 dire flail[a skeletal
                  | warrior] (17)]
 13573 | D:13     | Reached XP level 13. HP: 2/68 MP: 2/22
 13703 | D:13     | Noticed a vault guard
 14001 | D:12     | Killed a vault guard
 14188 | D:13     | Reached skill level 5 in Fire Magic
 14641 | D:13     | Lost mutation: Your magical capacity is low. (-10% MP)
                  | [evolution]
 15124 | D:13     | Found a gate to the Vaults.
 15358 | D:14     | Found a shadowy altar of Dithmenos.
 16071 | Lair:1   | Entered Level 1 of the Lair of Beasts
 16348 | Lair:1   | Found a dark tunnel.
 16360 | Volcano  | Entered a volcano
 16476 | Volcano  | Found a bloodstained altar of Trog.
 17078 | Volcano  | Found a burning altar of Makhleb.
 17193 | Lair:1   | Reached skill level 10 in Conjurations
 17597 | Lair:1   | Learned a level 5 spell: Irradiate
 17739 | Lair:2   | Mangled by a boulder beetle

Illustrated notes

Levels and vault maps discovered:
D:1:      saegor_arrival_simple_a, layout_basic, minmay_misc_feat_encased
D:2:      layout_rooms, nicolae_ru_sacrificial_ziggurat
D:3:      layout_loops_ring, lemuel_crystal_altar, patterned_corridor,
          uniq_purgy, uniq_robin
D:4:      layout_rooms, tgw_fedhas, uniq_eustachio
D:5:      layout_gridville, hangedman_decor_clover_reticule,
          serial_bayou_lagoon_b
D:6:      layout_loops_ring
D:7:      layout_loops_corners, minmay_temple_entry_gardened_gates,
          gammafunk_ghost_icy, uniq_pikel
D:8:      layout_loops_ring, minmay_lair_entry_grove,
          gammafunk_ghost_gnarly_gnolls, hangedman_minor_gate_pass
D:9:      layout_grid_maze, uniq_joseph, uniq_maurice, uniq_grum
D:10:     layout_rooms, david_orc_2
D:11:     layout_basic, serial_shops, nicolae_shop_competitors_out_of_business,
          evilmike_ruin_ashenzari
D:12:     layout_basic, basic_altar
D:13:     layout_loops_cross, ximxim_vaults_locker_room, basic_altar
D:14:     layout_cave_pools, grunt_dithmenos_shadows
Temple:   kilobyte_greek_temple
Lair:1:   layout_chaotic_city, nicolae_volcano_entry_two_sided,
          infiniplex_staircase_pool
Lair:2:   layout_regular_city, grunt_forest_large_clearing_hut

Skill      XL: |  1  2  3  4  5  6  7  8  9 10 11 12 13 |
---------------+----------------------------------------+-----
Earth Magic    | 4 5 6 7 8 9 10 11 | 11.7
Conjurations   | 1 2 3 5 6 7 8 9 10 | 10.1
Spellcasting   | 3 4 5 6 7 8 9 |  9.0
Maces & Flails | 1 3 4 5 6 7 |  7.6
Armour         | 1 3 5 6 |  6.0
Fighting       | 2 3 5 6 7 8 |  8.3
Dodging        | 2 3 4 5 6 |  6.9
Evocations     | 1 2 4 5 6 |  6.0
Fire Magic     | 4 7 |  7.1
Stealth        | |  2.1
Transmutations | |  0.7

Action                   |  1- 3 |  4- 6 |  7- 9 | 10-12 | 13-15 || total
-------------------------+-------+-------+-------+-------+-------++-------
Melee: Spear             |    13 |       |       |       |       ||    13
       Dagger            |   100 |   216 |    31 |       |       ||   347
       Whip              |       |       |   224 |   535 |   216 ||   975
       Headbutt          |       |       |       |    45 |    40 ||    85
 Cast: Sandblast         |     8 |     4 |    38 |    53 |    19 ||   122
       Stone Arrow       |       |     1 |     2 |    32 |    14 ||    49
       Lee's Rapid Decon |       |       |     5 |    30 |    10 ||    45
       Irradiate         |       |       |       |       |     4 ||     4
       Bolt of Magma     |       |       |       |       |     2 ||     2
Evoke: Wand              |       |       |       |     7 |     6 ||    13
  Use: Scroll            |       |    11 |    12 |    16 |    10 ||    49
       Potion            |       |     2 |     1 |     6 |     6 ||    15
 Stab: Sleeping          |     4 |     8 |    11 |       |       ||    23
       Invisible         |       |       |       |     1 |       ||     1
Armor: Robe              |    49 |    32 |       |   280 |   143 ||   504
       Animal skin       |       |    94 |   143 |    12 |       ||   249
Dodge: Dodged            |   104 |   169 |   213 |   425 |   224 ||  1135

Table legend: (Time is in decaauts)
 A = Elapsed time spent in this place.
 B = Non-inter-level travel time spent in this place.
 C = Inter-level travel time spent in this place.
 D = Time resting spent in this place.
 E = Time spent auto-exploring this place.
 F = Levels seen in this place.
 G = Mean time per level.
                   A        B        C        D        E       F      G
               +--------+--------+--------+--------+--------+-----+--------+
         Total |  17645 |  17030 |    615 |   3580 |   9665 |  18 |  980.3 |
       Dungeon |  15854 |  15297 |    557 |   3112 |   8869 |  14 | 1132.4 |
        Temple |    146 |    104 |     42 |      0 |     92 |   1 |  146.0 |
          Lair |    907 |    892 |     15 |      9 |    617 |   2 |  453.5 |
       Volcano |    736 |    736 |      0 |    459 |     86 |   1 |  736.0 |
               +--------+--------+--------+--------+--------+-----+--------+

Top non-repeatable levels by time:
    D:11: 1625 daAuts
    D:13: 1555 daAuts
     D:7: 1442 daAuts
     D:8: 1391 daAuts
     D:9: 1342 daAuts
     D:6: 1193 daAuts
    D:10: 1161 daAuts
     D:1: 1077 daAuts
    D:12: 992 daAuts
     D:4: 926 daAuts
     D:3: 894 daAuts
    D:14: 796 daAuts
  Lair:1: 782 daAuts
     D:5: 751 daAuts
 Volcano: 736 daAuts
